 Dungeon Crawl Stone Soup version 0.23.1 (webtiles) character file.

Game seed: 11241501598307578959

1429 Borgoz the Sneak (level 8, 0/66 HPs)
             Began as a Ghoul Enchanter on Mar 8, 2019.
             Was an Initiate of Ashenzari.
             Slain by a hornet zombie (8 damage)
             ... on level 7 of the Dungeon.
             The game lasted 00:13:33 (6185 turns).

Borgoz the Sneak (Ghoul Enchanter)                  Turns: 6185, Time: 00:13:33

Health: 0/66       AC:  8    Str: 12    XL:     8   Next: 73%
Magic:  4/9        EV: 12    Int: 13    God:    Ashenzari [......]
Gold:   377        SH:  0    Dex: 11    Spells: 4/10 levels left

rFire    . . .     SeeInvis .   t - +3 dagger (venom)
rCold    + . .     Gourm    .   (no shield)
rNeg     + + +     Faith    .   h - +0 ring mail
rPois    ∞         Spirit   .   x - +0 helmet
rElec    .         Reflect  .   (no cloak)
rCorr    .         Harm     .   v - +0 pair of gloves
MR       .....                  (no boots)
Stlth    +++.......             (no amulet)
HPRegen  0.00/turn              b - +3 ring of intelligence
MPRegen  0.11/turn              j - ring of stealth

@: very slightly contaminated, rotting
A: rotting body, claws 1, carnivore, cold resistance 1, negative energy
resistance 3, inhibited regeneration, torment resistance, unbreathing
a: Curse Item, Renounce Religion


You were on level 7 of the Dungeon.
You worshipped Ashenzari.
Ashenzari was noncommittal.
You were not hungry.

You visited 2 branches of the dungeon, and saw 8 of its levels.

You collected 377 gold pieces.

Inventory:

Hand Weapons
 m - a +2 short sword of speed
 s - a +0 short sword of protection
 t - a +3 dagger of venom (weapon)
Missiles
 e - 6 tomahawks (quivered)
 f - 49 poisoned needles
Armour
 h - a +0 ring mail (worn)
 v - a +0 pair of gloves (worn)
 x - a +0 helmet (worn)
Jewellery
 b - a +3 ring of intelligence (left hand)
 j - a ring of stealth (right hand)
Wands
 n - a wand of iceblast (5)
 r - a wand of paralysis (3)
Scrolls
 g - a scroll of identify
 i - 2 scrolls of enchant armour
 l - 3 scrolls of teleportation
 o - a scroll of fear
 q - a scroll of torment
 w - 2 scrolls of remove curse
Potions
 a - a potion of cancellation
 c - 3 potions of agility
 k - 2 potions of heal wounds
 p - a potion of haste
Comestibles
 d - 14 rations


   Skills:
 + Level 4.2 Fighting
 * Level 5.0 Short Blades
 * Level 5.0 Armour
 + Level 4.0 Dodging
 + Level 5.5 Stealth
 - Level 1.7 Spellcasting
 - Level 2.4 Hexes


You had 4 spell levels left.
You knew the following spells:

 Your Spells              Type           Power        Failure   Level  Hunger
a - Corona                Hex            #......      21%         1    ##.....
b - Ensorcelled Hibernat  Hex/Ice        #.....       45%         2    ###....
c - Confuse               Hex            #.......     52%         3    ####...

Your spell library contained the following spells:

 Spells                   Type           Power        Failure   Level  Hunger
 Slow                     Hex            #.......     30%         2    ###....
 Magic Dart               Conj           #...         50%         1    ##.....
 Tukima's Dance           Hex            #.......     52%         3    ####...
 Blink                    Tloc           N/A          63%         2    ###....
 Call Imp                 Summ           #.......     63%         2    ###....
 Dazzling Spray           Conj/Hex       #.....       71%         3    ####...
 Inner Flame              Hex/Fire       #.......     71%         3    ####...
 Portal Projectile        Hex/Tloc       #.....       71%         3    ####...
 Conjure Flame            Conj/Fire      #.......     86%         3    ####...
 Mephitic Cloud           Conj/Pois/Air  #.......     86%         3    ####...
 Cause Fear               Hex            #.........   90%         4    #####..
 Leda's Liquefaction      Hex/Erth       #.........   98%         4    #####..


Dungeon Overview and Level Annotations

Branches:
Dungeon (7/15)             Temple (1/1) D:7

Altars:
Ashenzari
Cheibriados
Dithmenos
Elyvilon
Fedhas
Gozag
Hepliaklqana
Kikubaaqudgha
Makhleb
Nemelex Xobeh
Okawaru
Qazlal
Ru
Sif Muna
Trog
Uskayaw
Vehumet
Wu Jian
Xom
Yredelemnul
Zin
The Shining One

Shops:
D:3 *   D:4 [

Annotations:
D:4 Grinder


Innate Abilities, Weirdness & Mutations

Your body is rotting away.
You thrive on raw meat.
You are immune to poison.
You have sharp fingernails.
You are carnivorous and can eat meat at any time.
Your flesh is cold resistant. (rC+)
You are immune to negative energy. (rN+++)
You do not regenerate when monsters are visible.
You are immune to unholy pain and torment.
You can survive without breathing.


Message History

Things that are here:
a +0 giant club; 5 chunks of flesh; an ogre skeleton Eat one of 5 chunks of flesh? (ye/n/q)
You eat one of the 5 chunks of flesh.
This raw flesh tastes great!
The hornet zombie barely misses you.
Eat one of 4 chunks of flesh? (ye/n/q)
You eat one of the 4 chunks of flesh.
This raw flesh tastes great!
The hornet zombie hits you!
* * * LOW HITPOINT WARNING * * *
Casting: Confuse (quite dangerous; 52% risk of failure)
Confirm with . or Enter, or press ? or * to list all spells.
Aiming: Confuse (quite dangerous; 52% risk of failure)
Press: ? - help, Shift-Dir - straight line, f/p - hornet zombie
Aim: a hornet zombie (heavily damaged, chance to defeat MR: 50%)
You miscast Confuse.
You are very lightly contaminated with residual magic.
Your hands glow momentarily.
The hornet zombie hits you!
* * * LOW HITPOINT WARNING * * *
The hornet zombie hits you!
You die...

#######.###
#####
#....>....#
#.........#
#.........#
#..../....#
#.........#
#......[..#
#.........#
#...Z@....#
#.........#
#........#####
#.........
#.......###
.........
........#
........#


You could see a hornet zombie.

Vanquished Creatures
  Menkaure (D:4)
  An orc warrior (D:7)
  An ice beast (D:7)
  A sky beast (D:7)
  An ogre (D:7)
  A scorpion (D:4)
  4 crimson imps
  A jelly (D:5)
  A hound (D:4)
  3 orc priests (D:5)
  2 orc wizards
  A centaur skeleton (D:7)
  2 worker ants
  2 iguanas (D:5)
  Terence (D:3)
  A hound zombie (D:5)
  A hound skeleton (D:5)
  11 gnolls
  10 adders
  A river rat (D:4)
  A shadow imp (D:5)
  An ooze (D:5)
  5 worms
  3 dart slugs
  4 leopard geckos
  25 orcs
  4 ball pythons
  3 giant cockroaches
  10 goblins
  7 hobgoblins
  9 jackals
  A quokka (D:7)
  3 bats
  10 frilled lizards
  A giant cockroach zombie (D:5)
  7 kobolds
  A quokka skeleton (D:3)
  10 rats
152 creatures vanquished.

Notes
Turn   | Place    | Note
-------+----------+-------------------------------------------
     0 | D:1      | Borgoz the Ghoul Enchanter began the quest for the Orb.
     0 | D:1      | Reached XP level 1. HP: 14/14 MP: 2/2
    94 | D:1      | Reached skill level 1 in Short Blades
   109 | D:1      | Found a sparkling altar of Nemelex Xobeh.
   300 | D:1      | Reached XP level 2. HP: 20/22 MP: 3/3
   554 | D:1      | Reached skill level 1 in Fighting
   873 | D:2      | Reached skill level 1 in Armour
   919 | D:2      | Reached XP level 3. HP: 28/28 MP: 4/4
  1015 | D:2      | Found an iron altar of Okawaru.
  1127 | D:2      | Reached XP level 4. HP: 19/35 MP: 5/5
  1142 | D:2      | Learned a level 2 spell: Ensorcelled Hibernation
  1647 | D:3      | Reached XP level 5. HP: 26/41 MP: 6/6
  2043 | D:3      | Found an opulent altar of Gozag.
  2048 | D:3      | Found Gozag's Platinum Reserve.
  2140 | D:3      | Noticed Terence
  2158 | D:3      | Killed Terence
  2412 | D:4      | Found Piuv's Armour Shoppe.
  2447 | D:4      | Reached XP level 6. HP: 31/49 MP: 7/7
  2583 | D:4      | Noticed Menkaure
  2598 | D:4      | Killed Menkaure
  2598 | D:4      | Reached XP level 7. HP: 35/56 MP: 8/8
  2703 | D:4      | Found a glowing silver altar of Zin.
  3070 | D:4      | Noticed Grinder
  3306 | D:5      | Entered Level 5 of the Dungeon
  3306 | D:5      | Found an ornate altar of the Wu Jian Council.
  4030 | D:5      | Found a deep blue altar of Sif Muna.
  4254 | D:5      | Found a white marble altar of Elyvilon.
  4259 | D:5      | Found a deep blue altar of Sif Muna.
  4264 | D:5      | Found a stormy altar of Qazlal.
  4625 | D:5      | Reached XP level 8. HP: 41/63 MP: 9/9
  4801 | D:6      | Reached skill level 5 in Stealth
  5449 | D:7      | Found an ornate altar of the Wu Jian Council.
  5459 | D:7      | Found a staircase to the Ecumenical Temple.
  5463 | Temple   | Entered the Ecumenical Temple
  5480 | Temple   | Became a worshipper of Ashenzari the Shackled
  6041 | D:7      | Learned a level 3 spell: Confuse
  6152 | D:7      | Reached skill level 5 in Short Blades
  6152 | D:7      | Reached skill level 5 in Armour
  6185 | D:7      | Slain by a hornet zombie

Skill      XL: |  1  2  3  4  5  6  7  8 |
---------------+-------------------------+-----
Short Blades   | 1 2 3 4 5 |  5.0
Dodging        | 2 3 4 |  4.0
Fighting       | 1 2 3 4 |  4.2
Armour         | 1 2 3 4 5 |  5.0
Stealth        | 4 5 |  5.5
Spellcasting   | |  1.7
Hexes          | |  2.4

Action                   |  1- 3 |  4- 6 |  7- 9 || total
-------------------------+-------+-------+-------++-------
Melee: Dagger            |    57 |    45 |   283 ||   385
       Short sword       |    49 |   189 |       ||   238
 Cast: Ensorcelled Hiber |       |     1 |       ||     1
       Confuse           |       |       |     1 ||     1
  Use: Scroll            |       |    11 |     6 ||    17
       Potion            |       |       |     2 ||     2
 Stab: Sleeping          |     6 |     5 |    13 ||    24
  Eat: Chunk             |     8 |    12 |    11 ||    31
Armor: Robe              |     3 |       |       ||     3
       Ring mail         |    19 |    71 |    74 ||   164
Dodge: Dodged            |    45 |   112 |   119 ||   276
